 Dungeon Crawl Stone Soup version 0.18-a0-1654-ge73a678 (webtiles) character file.

116 Etesian the Skirmisher (level 5, -6/33 HPs)
             Began as a Gargoyle Fighter on Mar 30, 2016.
             Killed by divine providence
             ... invoked by an orc priest
              (15 damage)
             ... on level 3 of the Dungeon.
             The game lasted 00:05:29 (1688 turns).

Etesian the Skirmisher (Gargoyle Fighter)           Turns: 1688, Time: 00:05:30

Health: -6/33      AC: 11    Str: 21    XL:     5   Next: 0%
Magic:  5/5        EV:  7    Int:  6    God:
Gold:   77         SH:  9    Dex:  9    Spells: 0 memorised, 4 levels left

rFire  + . .     SeeInvis .     a - +0 flail
rCold  x . .     Gourm    .     b - +0 scale mail
rNeg   + . .     Faith    .     c - +0 shield
rPois  ∞         Spirit   .     (no helmet)
rElec  +         Dismiss  .     (no cloak)
rCorr  .         Reflect  .     (no gloves)
SustAt .         Harm     +     (no boots)
MR     .....                    e - amulet of harm (curse)
Stlth  +.........               (no ring)
                                k - ring of fire

@: flying, not resistant to hostile enchantments, very unstealthy
A: big wings, camouflage 1, dopey 1, negative energy resistance 1, electricity
resistance, unbreathing, petrification resistance, rot immunity, AC +4
a: Stop Flying


You were on level 3 of the Dungeon.
You were not hungry.

You visited 1 branch of the dungeon, and saw 3 of its levels.

You collected 77 gold pieces.

Inventory:

Hand Weapons
 a - a +0 flail (weapon)
Armour
 b - a +0 scale mail (worn)
 c - a +0 shield (worn)
Jewellery
 e - a cursed amulet of harm (around neck)
 j - an uncursed amulet of dismissal {unknown}
 k - a ring of fire (left hand)
Potions
 d - 2 potions of might
 h - a potion of heal wounds {unknown}
Comestibles
 f - 2 bread rations
 g - 3 chunks of flesh
 i - a slice of pizza


   Skills:
 + Level 4.0 Fighting
 * Level 3.7 Maces & Flails
 + Level 3.8 Armour
 + Level 3.8 Shields


You had 4 spell levels left.
You didn't know any spells.

Dungeon Overview and Level Annotations

Branches:
Dungeon (3/15)

Altars:
Dithmenos
Yredelemnul


Innate Abilities, Weirdness & Mutations

You are resistant to torment.
Your stone body is resilient (AC +4).
You are immune to poison.
You resist negative energy.
You are resistant to electric shocks.
You can survive without breathing.
You are immune to petrification.
You are immune to rotting.
Your large and strong wings let you fly indefinitely.
Your skin changes colour to match your surroundings (Stealth).
You are dopey. (Int -2)


Message History

You block the adder's attack. You block the orc priest's attack.
Unknown command.
You miss the adder. The adder bites you.
The orc priest hits you but does no damage.
The adder bites you but does no damage.
You closely miss the adder. You block the adder's attack.
The orc priest hits you from afar with a trident.
* * * LOW HITPOINT WARNING * * *
You block the adder's attack.
You are too injured to fight recklessly!
The adder barely misses you.
Things that are here:
a stone; an inedible chunk of flesh You see here a stone.
The adder barely misses you. The adder barely misses you.
The adder bites you but does no damage.
The orc priest mumbles some strange prayers to Beogh against you.
Beogh smites you!
You die...

#.. ###.########
#.........^##
#........<..##
#............#
#............# #
#............# #≈
#............# #≈≈
#....@.......#
#...#...........##
#.....S.>.....##
#####.#####.###
.... #o.# #.# ....
##.## #.# .....
####o.###.# .....
#.........# ....
#o#########


You could see an orc priest and an adder.

Vanquished Creatures
  A giant frog zombie (D:3)
  2 adders
  3 dart slugs
  3 giant geckos
  2 orcs (D:3)
  A giant cockroach (D:3)
  9 goblins
  3 hobgoblins
  4 jackals
  A ball python (D:1)
  9 bats
  4 giant newts
  10 kobolds
  6 rats
  A spectral orc (D:2)
59 creatures vanquished.

Notes
Turn   | Place    | Note
--------------------------------------------------------------
     0 | D:1      | Etesian the Gargoyle Fighter began the quest for the Orb.
     0 | D:1      | Reached XP level 1. HP: 14/14 MP: 1/1
   119 | D:1      | Reached XP level 2. HP: 18/19 MP: 2/2
   531 | D:1      | Reached XP level 3. HP: 23/23 MP: 3/3
   994 | D:2      | Found a shadowy altar of Dithmenos.
  1055 | D:2      | Gained mutation: Your skin changes colour to match your surroundings (Stealth). [potion of mutation]
  1055 | D:2      | Gained mutation: Your large and strong wings let you fly indefinitely. [potion of mutation]
  1055 | D:2      | Gained mutation: You are dopey. (Int -2) [potion of mutation]
  1145 | D:2      | Reached XP level 4. HP: 29/29 MP: 4/4
  1300 | D:2      | Found a basalt altar of Yredelemnul.
  1627 | D:3      | Reached skill level 4 in Fighting
  1669 | D:3      | Reached XP level 5. HP: 22/33 MP: 5/5
  1688 | D:3      | Killed from afar by an orc priest

Vault maps used:
D:1:      onia_arrival_mini_spirals
D:2:      yredelemnul_forgotten_temple_becter,
          nicolae_dithmenos_through_a_glass_darkly
D:3:      fiery_altar_vehumet, first_bread, portal_sewer_entry_f, st_stairs_8

Skill      XL: |  1  2  3  4 |
---------------+-------------+-----
Maces & Flails | 3 |  3.7
Fighting       | 4 |  4.0
Armour         | |  3.8
Shields        | |  3.8

Action                   |  1- 3 |  4- 6 || total
-------------------------+-------+-------++-------
Melee: Flail             |   189 |    47 ||   236
 Abil: Fly               |     1 |       ||     1
  Use: Scroll            |     2 |     2 ||     4
       Potion            |     1 |       ||     1
  Eat: Chunk             |     1 |     2 ||     3
